 Dungeon Crawl Stone Soup version 0.31-a0-166-g46f44d267d (webtiles) character file.

Game seed: 9886337001836450051

152 qw the Shooter (level 5, -4/49 HPs)
             Began as a Naga Hunter on June 13, 2023.
             Slain by an iron imp (10 damage)
             ... on level 3 of the Dungeon.
             The game lasted 00:00:49 (2276 turns).

qw the Shooter (Naga Hunter)                        Turns: 2276, Time: 00:00:49

Health: -4/49      AC:  3    Str: 13    XL:     5   Next: 34%
Magic:  5/5        EV:  9    Int:  9    God:
Gold:   139        SH:  0    Dex: 17    Spells: 4/4 levels left

rFire   . . .        Y - +0 shortbow
rCold   . . .        (shield currently unavailable)
rNeg    . . .        c - +0 leather armour
rPois   +            (no helmet)
rElec   .            (no cloak)
rCorr   +            (no gloves)
SInv    +            (no barding)
Will    +....        (no amulet)
Stlth   ++           e - ring of resist corrosion
HPRegen 0.28/turn    b - ring of willpower
MPRegen 0.09/turn

%: no passive effects
@: very slow
A: AC +1, large, see invisible, deformed body, poison resistance, slowness 2,
spit poison 1, naga tail 1
a: Spit Poison


You were on level 3 of the Dungeon.
You visited 1 branch of the dungeon, and saw 3 of its levels.

You collected 139 gold pieces.


Innate Abilities, Weirdness & Mutations

Your serpentine skin is tough. (AC +1)
You have supernaturally acute eyesight. (SInv)
Armour fits poorly on your strangely shaped body.
Your system is resistant to poisons. (rPois)
You cover ground very slowly.
You can spit poison.
You have a snake-like lower body.


   Skills:
 - Level 3.0 Fighting
 + Level 5.4 Ranged Weapons
 - Level 1.5 Dodging
 - Level 1.5 Stealth


You had 4 spell levels left.
You didn't know any spells.
Your spell library was empty.

Inventory:

Hand Weapons
 Y - a +0 shortbow (weapon)
Armour
 c - a +0 leather armour (worn)
Jewellery
 b - a ring of willpower (right hand)
 d - a ring of wizardry
 e - a ring of resist corrosion (left hand)
Scrolls
 f - 3 scrolls of identify
Potions
 a - a potion of curing

Dungeon Overview and Level Annotations

Branches:
Dungeon (3/15)

Altars:
Makhleb

Annotations:
D:2 1 runed translucent door, Crazy Yiuf


Message History

The iron imp is heavily wounded.
The iron imp hits you.
You shoot an arrow. The arrow barely misses the iron imp.
The iron imp hits you!
You shoot an arrow. The arrow barely misses the iron imp.
The iron imp closely misses you.
You shoot an arrow. The arrow hits the iron imp.
The iron imp is heavily wounded.
The iron imp closely misses you.
You shoot an arrow.
The arrow hits the iron imp but does no damage.
The iron imp is heavily wounded.
The iron imp barely misses you.
You shoot an arrow.
The arrow hits the iron imp but does no damage.
The iron imp is heavily wounded.
The iron imp hits you.
You shoot an arrow.
The arrow hits the iron imp but does no damage.
The iron imp is heavily wounded.
The iron imp hits you!
You shoot an arrow. The arrow hits the iron imp.
The iron imp is heavily wounded.
The iron imp closely misses you.
You shoot an arrow. The arrow barely misses the iron imp.
The iron imp hits you!
You shoot an arrow. The arrow closely misses the iron imp.
The iron imp completely misses you.
You shoot an arrow.
The arrow hits the iron imp but does no damage.
The iron imp is heavily wounded.
The iron imp hits you!
You shoot an arrow.
The arrow hits the iron imp but does no damage.
The iron imp is heavily wounded.
The iron imp hits you.
You shoot an arrow. The arrow hits the iron imp!
The iron imp is almost dead.
The iron imp hits you!
You die...

#.# #.# ........ #<#
....... #.# #.....# #.#
#.....# # #.#
#...###.....# # #.#
#...........## # #.#
#......>..5..# # #.#
#.... #.@..# #.# # #.#
....# ##.#.# #.# # #.#
#.#..# #.#.# #.# # #.#
#.#..####.#.####.#
###.####.#.%%.........#.#
...#.........###.#.##.#.#
##...###.#.#.###.#.##.#.#
##...###.#.......#<#.#..#
.......#.#.#.#......###:#


You could see an iron imp.

Vanquished Creatures
  Jessica (D:2)
  7 adders
  A worm (D:2)
  A dart slug (D:3)
  3 endoplasms
  4 giant cockroaches
  3 goblins
  6 hobgoblins
  4 jackals (D:3)
  6 kobolds
  3 quokkas
  8 ball pythons
  6 bats
  4 frilled lizards
  A rat (D:2)
58 creatures vanquished.

Notes
Turn   | Place    | Note
-------+----------+-------------------------------------------
     0 | D:1      | qw the Naga Hunter began the quest for the Orb.
     0 | D:1      | Reached XP level 1. HP: 19/19 MP: 1/1
     0 | D:1      | 0 ||| qw: Version: 0.2-a-29-gc1b59c4
     0 | D:1      | 0 ||| qw: Game counter: 4832
     0 | D:1      | 0 ||| qw: Always use a shield: true
     0 | D:1      | 0 ||| qw: God list: Okawaru
     0 | D:1      | 0 ||| qw: Allow faded altars: false
     0 | D:1      | 0 ||| qw: Do Orc after D:15 true
     0 | D:1      | 0 ||| qw: Do second Lair branch before Depths: true
     0 | D:1      | 0 ||| qw: Lair rune preference: random
     0 | D:1      | 0 ||| qw: Plans: Normal
     0 | D:1      | 0 ||| PLANNING D:1-11
    28 | D:1      | 28 ||| INVOKING Spit Poison.
    63 | D:1      | 63 ||| INVOKING Spit Poison.
   138 | D:1      | 138 ||| INVOKING Spit Poison.
   235 | D:1      | 235 ||| INVOKING Spit Poison.
   239 | D:1      | Reached skill level 4 in Ranged Weapons
   239 | D:1      | Reached XP level 2. HP: 22/26 MP: 2/2
   261 | D:1      | 261 ||| INVOKING Spit Poison.
   331 | D:1      | 331 ||| INVOKING Spit Poison.
   348 | D:1      | 348 ||| INVOKING Spit Poison.
   359 | D:1      | 359 ||| INVOKING Spit Poison.
   509 | D:1      | 509 ||| INVOKING Spit Poison.
   549 | D:1      | 549 ||| INVOKING Spit Poison.
   678 | D:1      | 678 ||| INVOKING Spit Poison.
   687 | D:1      | 687 ||| UPGRADING to ring of resist corrosion.
   688 | D:1      | 688 ||| READING 2 scrolls labelled SEHISCH PAELUKK.
   689 | D:1      | 689 ||| READING scroll labelled KAUTUPS KAIXT.
   790 | D:1      | 790 ||| READING scroll labelled MIMOEF AXEGGE.
   791 | D:1      | 791 ||| READING scroll labelled INUSOPIJIE.
   792 | D:1      | 792 ||| DROPPING scroll of immolation.
   793 | D:1      | 793 ||| DROPPING scroll of butterflies.
   857 | D:2      | 857 ||| INVOKING Spit Poison.
   867 | D:2      | 867 ||| INVOKING Spit Poison.
   870 | D:2      | 870 ||| INVOKING Spit Poison.
   900 | D:2      | 900 ||| INVOKING Spit Poison.
   901 | D:2      | Reached XP level 3. HP: 32/32 MP: 3/3
   958 | D:2      | 958 ||| INVOKING Spit Poison.
   960 | D:2      | Found a burning altar of Makhleb.
   999 | D:2      | 999 ||| INVOKING Spit Poison.
  1018 | D:2      | 1018 ||| INVOKING Spit Poison.
  1034 | D:2      | Found a faded altar of an unknown god.
  1037 | D:2      | 1037 ||| INVOKING Spit Poison.
  1051 | D:2      | Identified the +0 tower shield of the Little Devil {Contam
                  | rC++ Will++}
  1069 | D:2      | 1069 ||| INVOKING Spit Poison.
  1138 | D:2      | 1138 ||| INVOKING Spit Poison.
  1154 | D:2      | 1154 ||| INVOKING Spit Poison.
  1162 | D:2      | Noticed Jessica
  1164 | D:2      | 1164 ||| INVOKING Spit Poison.
  1167 | D:2      | Killed Jessica
  1168 | D:2      | Reached skill level 5 in Ranged Weapons
  1168 | D:2      | Reached XP level 4. HP: 39/39 MP: 4/4
  1190 | D:2      | Found a runed translucent door.
  1191 | D:2      | Noticed Crazy Yiuf
  1244 | D:2      | 1244 ||| INVOKING Spit Poison.
  1247 | D:2      | 1247 ||| INVOKING Spit Poison.
  1278 | D:2      | 1278 ||| INVOKING Spit Poison.
  1319 | D:2      | 1319 ||| INVOKING Spit Poison.
  1326 | D:2      | 1326 ||| INVOKING Spit Poison.
  1354 | D:2      | 1354 ||| INVOKING Spit Poison.
  1644 | D:2      | 1644 ||| UPGRADING to ring of willpower.
  1645 | D:2      | 1645 ||| READING scroll labelled YCIYNE PASSYD.
  1646 | D:2      | 1646 ||| READING scroll labelled FODYIN URPHU.
  1647 | D:2      | 1647 ||| DRINKING 2 sedimented emerald potions.
  1648 | D:2      | 1648 ||| DRINKING 2 fizzy orange potions.
  1649 | D:2      | 1649 ||| DROPPING potion of attraction.
  1728 | D:3      | 1728 ||| INVOKING Spit Poison.
  1733 | D:3      | 1733 ||| INVOKING Spit Poison.
  1782 | D:3      | 1782 ||| INVOKING Spit Poison.
  1800 | D:3      | 1800 ||| INVOKING Spit Poison.
  1801 | D:3      | 1801 ||| INVOKING Spit Poison.
  1828 | D:3      | 1828 ||| INVOKING Spit Poison.
  1875 | D:3      | 1875 ||| INVOKING Spit Poison.
  1892 | D:3      | 1892 ||| INVOKING Spit Poison.
  1942 | D:3      | 1942 ||| INVOKING Spit Poison.
  1945 | D:3      | Reached skill level 3 in Fighting
  1945 | D:3      | Reached XP level 5. HP: 49/49 MP: 5/5
  1948 | D:3      | 1948 ||| INVOKING Spit Poison.
  1957 | D:3      | 1957 ||| INVOKING Spit Poison.
  1970 | D:3      | 1970 ||| INVOKING Spit Poison.
  2001 | D:3      | 2001 ||| INVOKING Spit Poison.
  2028 | D:3      | 2028 ||| INVOKING Spit Poison.
  2031 | D:3      | 2031 ||| INVOKING Spit Poison.
  2068 | D:3      | 2068 ||| INVOKING Spit Poison.
  2183 | D:3      | 2183 ||| INVOKING Spit Poison.
  2186 | D:3      | 2186 ||| INVOKING Spit Poison.
  2191 | D:3      | 2191 ||| INVOKING Spit Poison.
  2195 | D:3      | 2195 ||| INVOKING Spit Poison.
  2274 | D:3      | HP: 8/49 [iron imp (7)]
  2276 | D:3      | Slain by an iron imp

Levels and vault maps discovered:
D:1:      lemuel_arrival_rhombus, layout_basic, minmay_pentomino_t2
D:2:      layout_loops_ring, basic_altar,
          hellmonk_ecumenical_altar_pennies_from_heaven,
          minmay_stone_trees_small, minmay_cut_off, uniq_jessica,
          uniq_crazy_yiuf_cottage
D:3:      layout_loops_ring, slow_altar_1

Skill      XL: |  1  2  3  4 |
---------------+-------------+-----
Ranged Weapons | 4 5 |  5.4
Fighting       | 3 |  3.0
Dodging        | |  1.5
Stealth        | |  1.5

Action                     |  1- 3 |  4- 6 || total
---------------------------+-------+-------++-------
   Fire: Shortbow          |    45 |    84 ||   129
Ability: Spit Poison       |    23 |    25 ||    48
    Use: Scroll            |     4 |     2 ||     6
         Potion            |       |     2 ||     2
 Armour: Leather armour    |     2 |    16 ||    18
  Dodge: Dodged            |     1 |    26 ||    27

Table legend:
 A = Non-vault XP
 B = Vault XP
 C = Vault XP percentage of total XP
 D = Non-vault monster count
 E = Vault monster count
 F = Vault count percentage of total count
                 A         B        C        D         E       F
            +---------+---------+-------+---------+---------+-------
      Total |     160 |      58 |  26.6 |      52 |       6 |  10.3
            +---------+---------+-------+---------+---------+-------
        D:1 |      27 |       2 |   6.9 |      15 |       1 |   6.2
        D:2 |      60 |      56 |  48.3 |      15 |       5 |  25.0
        D:3 |      73 |       0 |   0.0 |      22 |       0 |   0.0
            +---------+---------+-------+---------+---------+-------
